 Dungeon Crawl Stone Soup version 0.21-a0-2-ge494091 (webtiles) character file.

317 Dfrag the Firebug (level 6, -2/49 HPs)
             Began as a Naga Fire Elementalist on May 22, 2017.
             Slain by JeffiDaFish's ghost (4 damage)
             ... on level 3 of the Dungeon.
             The game lasted 00:06:58 (2201 turns).

Dfrag the Firebug (Naga Fire Elementalist)          Turns: 2201, Time: 00:06:58

Health: -2/49      AC:  6    Str: 10    XL:     6   Next: 44%
Magic:  4/11       EV: 10    Int: 18    God:
Gold:   107        SH:  0    Dex: 11    Spells: 4/12 levels left

rFire    . . .     SeeInvis +   j - -3 dagger (curse)
rCold    . . .     Gourm    .   (no shield)
rNeg     . . .     Faith    .   q - +0 robe (curse)
rPois    +         Spirit   .   l - +0 helmet
rElec    .         Reflect  .   t - +1 cloak
rCorr    .         Harm     .   (no gloves)
MR       .....                  (no barding)
Stlth    ++........             (no amulet)
Regen    0.2/turn               (no ring)
MPRegen  0.2/turn               (no ring)

@: flying, very slow
A: see invisible, deformed body, poison resistance, slowness 2, slow metabolism
1, spit poison 1, AC +2
a: Spit Poison


You were on level 3 of the Dungeon.
You were not hungry.

You visited 1 branch of the dungeon, and saw 3 of its levels.

You collected 107 gold pieces.

Inventory:

Hand Weapons
 j - a cursed -3 dagger (weapon)
Armour
 a - a +0 robe
 l - a +0 helmet (worn)
 q - a cursed +0 robe (worn)
 t - a +1 cloak (worn)
Scrolls
 e - 2 scrolls of enchant weapon {unknown}
 f - a scroll of immolation {unknown}
 h - a scroll of identify {unknown}
 i - 5 scrolls of remove curse {unknown}
 k - a scroll of noise {unknown}
 p - a scroll of recharging {unknown}
 r - a scroll of teleportation {unknown}
 u - a scroll of magic mapping {unknown}
Potions
 m - a potion of haste
 s - a potion of curing {unknown}
Books
 b - a book of Flames

   Spells                             Type                      Level
   a - Flame Tongue                   Conjuration/Fire             1
   b - Throw Flame                    Conjuration/Fire             2
   c - Conjure Flame                  Conjuration/Fire             3
   d - Inner Flame                    Hexes/Fire                   3
   e - Sticky Flame                   Conjuration/Fire             4
   f - Fireball                       Conjuration/Fire             5
Comestibles
 c - 2 bread rations
 d - 4 meat rations
 g - 7 chunks of flesh


   Skills:
 - Level 1.5 Dodging
 - Level 3.0 Stealth
 + Level 3.8 Spellcasting
 + Level 3.6 Conjurations
 + Level 4.6 Fire Magic


You had 4 spell levels left.
You knew the following spells:

 Your Spells              Type           Power        Failure   Level  Hunger
a - Flame Tongue          Conj/Fire      ###..        2%          1    None
b - Conjure Flame         Conj/Fire      ###.....     9%          3    ###....
c - Sticky Flame          Conj/Fire      ###.....     26%         4    ####...


Dungeon Overview and Level Annotations

Branches:
Dungeon (3/15)

Altars:

Annotations:
D:3 JeffiDaFish's ghost, weakling TrMo


Innate Abilities, Weirdness & Mutations

You cannot wear boots.
Your serpentine skin is tough. (AC +2)
You have supernaturally acute eyesight. (SInv)
Armour fits poorly on your strangely shaped body.
Your system is resistant to poisons. (rPois)
You cover ground very slowly.
You have a slow metabolism.
You can spit poison.


Message History

* * * LOW HITPOINT WARNING * * *
Casting: Flame Tongue
Confirm with . or Enter, or press ? or * to list all spells.
Aiming: Flame Tongue
Press: ? - help, Shift-Dir - straight line, f/p - JeffiDaFish's ghost
Aim: JeffiDaFish's ghost (heavily damaged)
The flame tongue hits JeffiDaFish's ghost.
JeffiDaFish's ghost appears unharmed.
JeffiDaFish's ghost is heavily damaged.
JeffiDaFish's ghost hits you but does no damage.
Casting: Flame Tongue
Confirm with . or Enter, or press ? or * to list all spells.
Aiming: Flame Tongue
Press: ? - help, Shift-Dir - straight line, f/p - JeffiDaFish's ghost
Aim: JeffiDaFish's ghost (heavily damaged)
The flame tongue hits JeffiDaFish's ghost.
JeffiDaFish's ghost resists.
JeffiDaFish's ghost is heavily damaged.
JeffiDaFish's ghost hits you.
You die...

........# #.....
#.##.## #...###
#..#..###.....#
#.##.....†#
#.........# .......
#.........###...?.?.
#..##......#.........
#.# #.......<........
#. ##@W....>...#.....
# #......#.#........
#......#....#.....
.......†.......<#
###.########$.......
#. #...#..#. ..
#.>..#... ### .<...#
. ...K..#


You could see JeffiDaFish's ghost.

Vanquished Creatures
  Sigmund (D:2)
  Crazy Yiuf (D:2)
  Robin (D:2)
  4 adders (D:2)
  2 oozes (D:2)
  3 worms
  3 leopard geckos
  2 giant cockroaches (D:1)
  14 goblins
  5 hobgoblins (D:2)
  3 jackals (D:2)
  A ball python (D:2)
  4 bats
  4 frilled lizards
  5 kobolds (D:1)
  5 rats
58 creatures vanquished.

Notes
Turn   | Place    | Note
-------+----------+-------------------------------------------
     0 | D:1      | Dfrag the Naga Fire Elementalist began the quest for the Orb.
     0 | D:1      | Reached XP level 1. HP: 15/15 MP: 3/3
   293 | D:1      | Reached XP level 2. HP: 22/22 MP: 3/5
   710 | D:2      | Reached XP level 3. HP: 9/28 MP: 3/6
   714 | D:2      | Noticed Robin
   914 | D:2      | Killed Robin
  1161 | D:2      | Reached XP level 4. HP: 36/36 MP: 3/8
  1532 | D:2      | Found a runed door.
  1654 | D:2      | Noticed Crazy Yiuf
  1659 | D:2      | Killed Crazy Yiuf
  1659 | D:2      | Reached skill level 4 in Fire Magic
  1659 | D:2      | Reached XP level 5. HP: 21/42 MP: 4/9
  1756 | D:2      | Noticed Sigmund
  1958 | D:2      | Killed Sigmund
  1958 | D:2      | Reached XP level 6. HP: 12/49 MP: 0/11
  2123 | D:2      | Learned a level 3 spell: Conjure Flame
  2128 | D:2      | Learned a level 4 spell: Sticky Flame
  2178 | D:3      | Noticed JeffiDaFish's ghost (weakling TrMo)
  2199 | D:3      | HP: 1/49 [JeffiDaFish's ghost (6)]
  2201 | D:3      | Slain by JeffiDaFish's ghost

Vault maps used:
D:1:      dpeg_arrival_court
D:2:      kennysheep_the_goblin_king, uniq_crazy_yiuf_cottage, uniq_sigmund,
          uniq_robin
D:3:      first_bread, uniq_terence

Skill      XL: |  1  2  3  4  5 |
---------------+----------------+-----
Conjurations   | 2 3 |  3.6
Spellcasting   | 3 |  3.8
Fire Magic     | 4 |  4.6
Dodging        | |  1.5
Stealth        | |  3.0

Action                   |  1- 3 |  4- 6 || total
-------------------------+-------+-------++-------
Melee: Unarmed           |     6 |       ||     6
       Dagger            |     6 |    28 ||    34
 Cast: Flame Tongue      |    46 |    69 ||   115
 Abil: Spit Poison       |     8 |    10 ||    18
  Use: Potion            |       |     4 ||     4
  Eat: Chunk             |     1 |     3 ||     4
Armor: Robe              |     6 |    28 ||    34
       Skin              |       |     2 ||     2
Dodge: Dodged            |    21 |    42 ||    63
